 Dungeon Crawl Stone Soup version 0.23-a0-386-g9c9d49f (webtiles) character file.

724 Amnesiac the Archer (level 7, -2/55 HPs)
             Began as a Centaur Hunter on Oct 28, 2018.
             Slain by a scorpion (8 damage)
             ... on level 4 of the Dungeon.
             The game lasted 00:11:06 (3133 turns).

Amnesiac the Archer (Centaur Hunter)                Turns: 3133, Time: 00:11:06

Health: -2/55      AC:  6    Str: 15    XL:     7   Next: 43%
Magic:  7/7        EV:  7    Int: 10    God:
Gold:   134        SH:  0    Dex: 11    Spells: 6/6 levels left

rFire    . . .     SeeInvis .   b - +1 dagger (venom)
rCold    . . .     Gourm    .   (no shield)
rNeg     + . .     Faith    .   l - +0 scale mail
rPois    .         Spirit   .   t - +0 helmet
rElec    .         Reflect  .   r - +0 cloak
rCorr    .         Harm     .   (no gloves)
MR       .....                  (no barding)
Stlth    ..........             c - macabre finger necklace {rN+}
HPRegen  0.18/turn              u - -2 ring of protection (curse)
MPRegen  0.10/turn              (no ring)
                                (no ring)

@: berserk cooldown, slowed
A: large, hooves 3, deformed body, speed 2, tough skin 3
a: no special abilities


You were on level 4 of the Dungeon.
You were very hungry.

You visited 1 branch of the dungeon, and saw 6 of its levels.

You collected 134 gold pieces.

Inventory:

Hand Weapons
 a - a +1 shortbow
 b - a +1 dagger of venom (weapon)
 q - a +0 short sword
Missiles
 d - 31 arrows
Armour
 l - a +0 scale mail (worn)
 n - a scarf of repulsion
 r - a +0 cloak (worn)
 t - a +0 helmet (worn)
Jewellery
 c - the macabre finger necklace (around neck) {rN+}
   (You found it on level 4 of the Dungeon)

   [amulet of nothing]

   It protects you from negative energy.
 u - a cursed -2 ring of protection (left hand)
Scrolls
 j - a scroll of teleportation {!r}
 m - a scroll of identify {!r}
 o - a scroll of remove curse {!r, unknown}
 s - a scroll of magic mapping {!r}
Potions
 e - a potion of degeneration {!q, unknown}
 g - a potion of haste {!q, unknown}
 h - a potion of magic {!q, unknown}
 i - a potion of berserk rage {!q}
 k - a potion of flight {!q, unknown}
Comestibles
 f - 6 rations


   Skills:
 - Level 2.0 Fighting
 * Level 11.7 Bows
 - Level 1.3 Dodging
 - Level 0.4 Stealth


You had 6 spell levels left.
You didn't know any spells.
Your spell library was empty.

Dungeon Overview and Level Annotations

Branches:
Dungeon (6/15)
 Temple: D:4-7

Altars:
Fedhas
Qazlal
Trog
Xom
The Shining One


Innate Abilities, Weirdness & Mutations

You have hooves in place of feet.
Armour fits poorly on your strangely shaped body.
You cover ground very quickly.
You have extremely tough skin. (AC +3)


Message History

The bullfrog closely misses you.
Found a ration and 19 stones.
There is a stone staircase leading up here.
The bullfrog hits you.
* * * LOW HITPOINT WARNING * * *
You climb upwards.
A giant cockroach comes into view.
There is a stone staircase leading down here.
A scorpion comes into view.
The scorpion moves out of view.
Found a ration.
The bullfrog barely misses you.
Found a stone staircase leading up.
A centaur skeleton comes into view.
An orc comes into view. It is wielding a +0 dagger.
The orc shouts!
Found a brown potion.
There is a stone staircase leading up here.
The bullfrog hits you.
* * * LOW HITPOINT WARNING * * *
Found a smoky black potion.
You are feeling very hungry.
You see here a smoky black potion {!q}.
Found a helmet.
Found 15 gold pieces.
The bullfrog hits you.
* * * LOW HITPOINT WARNING * * *
Really quaff
i - 2 dark potions {!q}?
It was a potion of berserk rage {!q}.
A red film seems to cover your vision as you go berserk!
You feel yourself moving faster!
You feel mighty! The bullfrog hits you.
* * * LOW HITPOINT WARNING * * *
You barely miss the bullfrog. You kick the bullfrog.
The bullfrog is lightly wounded.
The bullfrog hits you but does no damage.
You puncture the bullfrog!
The bullfrog is poisoned.
The bullfrog is heavily wounded.
The bullfrog closely misses you.
You puncture the bullfrog!
You kill the bullfrog!
You swing at nothing.
You puncture the centaur skeleton!
The centaur skeleton is heavily damaged.
The centaur skeleton misses you.
You puncture the centaur skeleton! You kick the centaur skeleton.
You destroy the centaur skeleton!
You closely miss the giant cockroach.
The giant cockroach bites you but does no damage.
You hit the giant cockroach.
The giant cockroach is poisoned.
You kick the giant cockroach.
You kill the giant cockroach!
You barely miss the orc. The orc completely misses you.
You puncture the orc!
You kill the orc!
You swing at nothing.
You swing at nothing.
You feel a strong urge to attack something.
You are no longer berserk.
You are exhausted.
You feel yourself slow down.
You hit the scorpion.
The scorpion is lightly wounded.
The scorpion stings you!
You die...

#.# *,,*,,***,* *,,,,* #.#
*,,,,** *,**********,* #.# *,#.**
*,,,,,,,,,,,,*** #.# *,#.*
************,,,, ####.# *,#.*
*,*** .....#####,#.*
*********,*** .........#.#.*
*,,,,,,,,,,,,
########.#...########$#******,,,,
*,,,* *,*,,#..s@.....# *,***
#...# *g#,,#.######### *,* *
##...###g#,,#.# ****,***
..........,,#Z# #########*,,,,,,,
............#.###.....[..,,******
................Z....#***,,* *
*#.......####.###.##.####,,******
#..l#**** #.###.#*....,,,,,,,,,
#...########.##!#.#!.###..******


You could see a scorpion.

Vanquished Creatures
  An ice beast (D:5)
  A phantom (D:4)
  An ogre (D:5)
  A bullfrog (D:4)
  A bullfrog skeleton (D:3)
  A gnoll shaman (D:4)
  A centaur skeleton (D:4)
  2 iguanas
  4 worker ants
  3 gnolls (D:4)
  6 adders
  3 oozes
  A worm (D:2)
  A dart slug (D:1)
  4 leopard geckos
  7 orcs
  A giant cockroach (D:4)
  5 hobgoblins
  9 jackals
  A quokka (D:5)
  5 bats (D:1)
  6 frilled lizards
  5 goblins
  3 kobolds (D:1)
  5 rats
78 creatures vanquished.

Notes
Turn   | Place    | Note
-------+----------+-------------------------------------------
     0 | D:1      | Amnesiac the Centaur Hunter began the quest for the Orb.
     0 | D:1      | Reached XP level 1. HP: 17/17 MP: 1/1
   104 | D:1      | Reached skill level 6 in Bows
   104 | D:1      | Reached XP level 2. HP: 24/24 MP: 2/2
   600 | D:1      | Reached XP level 3. HP: 27/29 MP: 3/3
   897 | D:2      | Reached skill level 7 in Bows
   940 | D:2      | Found a blossoming altar of Fedhas.
   998 | D:3      | Reached XP level 4. HP: 29/36 MP: 4/4
  1200 | D:3      | Found a stormy altar of Qazlal.
  1208 | D:3      | Reached skill level 8 in Bows
  1287 | D:3      | Found a glowing golden altar of the Shining One.
  1290 | D:3      | Found a shimmering altar of Xom.
  1292 | D:3      | Found a bloodstained altar of Trog.
  1560 | D:4      | Reached XP level 5. HP: 23/41 MP: 5/5
  1650 | D:3      | Reached skill level 9 in Bows
  1943 | D:5      | Entered Level 5 of the Dungeon
  1943 | D:5      | Noticed a phantom
  1943 | D:5      | Noticed an ogre
  1995 | D:4      | HP: 1/41 [adder (2)]
  2002 | D:4      | Found the macabre finger necklace {rN+}
  2016 | D:4      | Killed a phantom
  2016 | D:4      | Reached XP level 6. HP: 12/48 MP: 6/6
  2078 | D:4      | Reached skill level 10 in Bows
  2210 | D:5      | HP: 2/48 [worker ant (5)]
  2852 | D:5      | Noticed an ice beast
  2868 | D:5      | Killed an ice beast
  2868 | D:5      | Reached skill level 11 in Bows
  2868 | D:5      | Reached XP level 7. HP: 42/55 MP: 7/7
  3133 | D:4      | Slain by a scorpion

Vault maps used:
D:1:      dpeg_arrival_renting
D:2:      fedhas_altar_3
D:3:      grunt_temple_overflow_open, nicolae_overflow_hidden_temple,
          kennysheep_generic_room_12
D:4:      first_ration
D:5:      temple_statues
D:6:      gammafunk_temple_overflow_claw, uniq_edmund, uniq_blork_the_orc,
          uniq_menkaure, uniq_pikel

Skill      XL: |  1  2  3  4  5  6 |
---------------+-------------------+-----
Bows           | 6 7 8 9 11 | 11.7
Fighting       | |  2.0
Dodging        | |  1.3
Stealth        | |  0.4

Action                   |  1- 3 |  4- 6 |  7- 9 || total
-------------------------+-------+-------+-------++-------
Melee: Dagger            |       |   115 |    18 ||   133
       Kick              |       |    32 |     4 ||    36
 Fire: Shortbow          |    96 |    90 |       ||   186
  Use: Scroll            |       |     6 |       ||     6
       Potion            |       |     1 |     1 ||     2
  Eat: Chunk             |       |     4 |       ||     4
Armor: Leather armour    |    21 |    23 |       ||    44
       Scale mail        |       |    19 |     7 ||    26
Dodge: Dodged            |    24 |    44 |    12 ||    80

Table legend:
 A = Non-vault XP
 B = Vault XP
 C = Vault XP percentage of total XP
 D = Non-vault monster count
 E = Vault monster count
 F = Vault count percentage of total count
                 A         B        C        D         E       F
            +---------+---------+-------+---------+---------+-------
      Total |    1035 |       0 |   0.0 |      78 |       0 |   0.0
            +---------+---------+-------+---------+---------+-------
        D:1 |      44 |       0 |   0.0 |      22 |       0 |   0.0
        D:2 |      40 |       0 |   0.0 |       7 |       0 |   0.0
        D:3 |      93 |       0 |   0.0 |      20 |       0 |   0.0
        D:4 |     442 |       0 |   0.0 |      18 |       0 |   0.0
        D:5 |     416 |       0 |   0.0 |      11 |       0 |   0.0
            +---------+---------+-------+---------+---------+-------
